 Dungeon Crawl Stone Soup version 0.22-a0-253-gf9d0ce5 (webtiles) character file.

2921 HEYYEYAAE the Caller (level 9, -1/71 HPs)
             Began as a Demigod Summoner on Mar 3, 2018.
             Killed by divine providence
             ... invoked by an orc priest
              (14 damage)
             ... on level 7 of the Dungeon.
             The game lasted 00:15:27 (9241 turns).

HEYYEYAAE the Caller (Demigod Summoner)             Turns: 9241, Time: 00:15:27

Health: -1/71      AC:  7    Str: 11    XL:     9   Next: 26%
Magic:  16/19      EV: 15    Int: 25    God:
Gold:   288        SH:  0    Dex: 16    Spells: 7/17 levels left

rFire    . . .     SeeInvis .   y - +4 quarterstaff (chaos)
rCold    . . .     Gourm    .   (shield currently unavailable)
rNeg     . . .     Faith    .   r - +1 robe of the Trout {+Blink Slay+5 Stlth+}
rPois    .         Spirit   .   j - +2 helmet
rElec    .         Reflect  .   A - +0 cloak
rCorr    .         Harm     .   (no gloves)
MR       .....                  (no boots)
Stlth    +++.......             (no amulet)
HPRegen  0.21/turn              (no ring)
MPRegen  0.16/turn              (no ring)

@: no status effects
A: high mp 1
a: Evoke Blink


You were on level 7 of the Dungeon.
You were hungry.

You visited 1 branch of the dungeon, and saw 7 of its levels.

You collected 288 gold pieces.

Inventory:

Hand Weapons
 y - a +4 quarterstaff of chaos (weapon)
Armour
 h - a +0 ring mail
 j - a +2 helmet (worn)
 r - the +1 robe of the Trout (worn) {+Blink Slay+5 Stlth+}
   (You found it on level 6 of the Dungeon)

   It affects your accuracy and damage with ranged weapons and melee attacks
   (+5).
   It lets you blink.
   It makes you more stealthy.
 A - a +0 cloak (worn)
Wands
 d - a wand of disintegration (18)
 e - a wand of polymorph (13)
Scrolls
 k - 3 scrolls of immolation
 l - a scroll of blinking
 m - 5 scrolls of teleportation
Potions
 a - 2 potions of berserk rage
 b - a potion of might
 f - a potion of invisibility
 g - a potion of agility
 i - a potion of brilliance {unknown}
 n - 2 potions of degeneration {unknown}
 q - 2 potions of mutation {unknown}
 s - a potion of cancellation {unknown}
 t - 4 potions of haste {unknown}
 u - 3 potions of magic {unknown}
 w - 2 potions of ambrosia {unknown}
 z - a potion of lignification {unknown}
Comestibles
 c - 7 rations


   Skills:
 + Level 4.3 Fighting
 + Level 4.3(4.4) Staves
 + Level 4.3 Armour
 + Level 4.8 Dodging
 - Level 1.9 Stealth
 + Level 4.6 Spellcasting
 + Level 6.2 Summonings
 + Level 3.4 Evocations


You had 7 spell levels left.
You knew the following spells:

 Your Spells              Type           Power        Failure   Level  Hunger
a - Call Imp              Summ           #####...     1%          2    None
b - Summon Small Mammal   Summ           ####         1%          1    None
c - Summon Guardian Gole  Hex/Summ       ###.....     7%          3    ##.....
d - Summon Ice Beast      Ice/Summ       ###.....     24%         4    ####...


Dungeon Overview and Level Annotations

Branches:
Dungeon (7/15)             Temple (0/1) D:6

Annotations:
D:5 1 runed door, HEYYEYAAE's ghost, novice DgSu


Innate Abilities, Weirdness & Mutations

You have an increased reservoir of magic. (+10% MP)


Message History

The centaur shoots an arrow.
The arrow hits your shadow imp!
Your shadow imp dies!
The centaur shoots an arrow.
The arrow hits your guardian golem.
The orc priest begins to cast a cantrip, but forgets the words!
The centaur shoots an arrow.
The arrow hits your guardian golem but does no damage.
The orc priest calls down the wrath of Beogh upon you.
Beogh smites you!
* * * LOW HITPOINT WARNING * * *
The centaur shoots an arrow.
The arrow hits your guardian golem!
Your crimson imp hits the orc priest.
Your guardian golem overheats!
The centaur shoots an arrow.
The arrow hits your guardian golem.
The centaur shoots an arrow.
The arrow hits your guardian golem.
Your guardian golem explodes!
The fiery explosion engulfs the centaur.
The centaur dies!
The orc priest calls down the wrath of Beogh upon you.
Beogh smites you!
You die...

.)......)............# #...
....)...§§§<5........# #...
...........oa........# #...
......c...o..ys......#########...
..........................)......
........FZ..........##########...
............##.....## #...
,....##.################## #...
,...#*#.5oo§§)..@##§§§...# #...
**,** ##########.........# #...
**,* ####......# ##.. *,,*
#......# ##. ,,**
*************#......# ##
,*****,,,,,,,,,,,,.......#
,,,,,,,**********##......#
,******* #......# ,* #......#


You could see an orc warrior and an orc priest.

Vanquished Creatures
  Grinder (D:3)
  A phantom (D:6)
  2 ice beasts (D:6)
  A sky beast (D:7)
  An ogre (D:4)
  4 bullfrogs
  A scorpion (D:5)
  A killer bee (D:5)
  A howler monkey (shapeshifter) (D:3)
  A howler monkey (D:4)
  A bullfrog zombie (D:5)
  A jelly (D:6)
  A hound (D:4)
  4 orc priests (D:6)
  3 orc wizards
  2 bullfrog skeletons (D:7)
  Natasha (twice) (D:4)
  8 worker ants
  A hound skeleton (D:6)
  2 howler monkey zombies
  A worker ant zombie (D:7)
  10 adders
  2 oozes
  2 adder skeletons
  2 adder zombies (D:6)
  2 dart slugs (D:2)
  2 leopard geckos
  33 orcs
  2 ball pythons
  5 giant cockroaches
  13 goblins
  11 hobgoblins
  3 jackals (D:4)
  A quokka (D:6)
  3 bats
  3 frilled lizards
  3 kobolds
  A leopard gecko skeleton (D:4)
  8 rats
  A fungus (D:3)
147 creatures vanquished.

Vanquished Creatures (collateral kills)
  A soldier ant (D:5)
  2 sky beasts
  2 centaurs
  2 ogres (D:4)
  A killer bee (D:7)
  Crazy Yiuf (D:3)
  A gnoll shaman (D:5)
  A hound (D:4)
  An orc wizard (D:6)
  Terence (D:2)
  3 worker ants
  Natasha (D:4)
  Robin (D:1)
  12 gnolls
  6 adders
  An ooze (D:7)
  2 worms (D:2)
  A leopard gecko (D:1)
  6 orcs
  A bat (D:1)
  4 giant cockroaches
  4 goblins
  8 hobgoblins
  2 jackals (D:7)
  A kobold (D:2)
  A ball python (D:1)
  2 frilled lizards (D:1)
  3 rats
  3 fungi (D:3)
75 creatures vanquished.

Vanquished Creatures (others)
  The ghost of GameOver the Covert, a novice NaWz (D:7)
  A killer bee (D:7)
  A quasit (D:7)
  A jelly (D:5)
  A centaur skeleton (D:7)
  A worker ant (D:5)
  A hound skeleton (D:7)
  2 orcs (D:7)
  A bat (D:3)
10 creatures vanquished.

Grand Total: 232 creatures vanquished

Notes
Turn   | Place    | Note
-------+----------+-------------------------------------------
     0 | D:1      | HEYYEYAAE the Demigod Summoner began the quest for the Orb.
     0 | D:1      | Reached XP level 1. HP: 14/14 MP: 5/5
     7 | D:1      | Noticed a minotaur zombie
    12 | D:1      | Noticed a merfolk zombie
   437 | D:1      | Reached XP level 2. HP: 12/20 MP: 2/7
  1009 | D:1      | Reached skill level 4 in Summonings
  1442 | D:2      | Noticed Terence
  1490 | D:2      | Found a faded altar of an unknown god.
  1507 | D:2      | Noticed Robin
  1550 | D:1      | Learned a level 2 spell: Call Imp
  1659 | D:2      | Reached XP level 3. HP: 22/26 MP: 3/8
  1671 | D:1      | Killed Robin
  2101 | D:2      | Reached XP level 4. HP: 32/34 MP: 4/10
  2265 | D:2      | Reached skill level 1 in Staves
  2375 | D:2      | Killed Terence
  2375 | D:2      | Reached skill level 1 in Fighting
  2375 | D:2      | Reached skill level 1 in Armour
  2497 | D:3      | Found a runed door.
  2501 | D:3      | Noticed Crazy Yiuf
  2514 | D:3      | Killed Crazy Yiuf
  2622 | D:3      | Reached XP level 5. HP: 40/40 MP: 6/11
  3150 | D:3      | Noticed a centaur
  3167 | D:3      | Killed a centaur
  3167 | D:3      | Reached XP level 6. HP: 19/48 MP: 6/13
  3987 | D:4      | Noticed Natasha
  3993 | D:4      | Killed Natasha
  4001 | D:4      | Noticed Natasha
  4366 | D:4      | Noticed Grinder
  4386 | D:4      | Killed Natasha
  4439 | D:4      | Reached XP level 7. HP: 33/56 MP: 3/15
  4448 | D:4      | Paralysed by Grinder for 3 turns
  4461 | D:3      | Paralysed by Grinder for 6 turns
  4679 | D:3      | Paralysed by Grinder for 4 turns
  4691 | D:3      | Paralysed by Grinder for 4 turns
  4702 | D:3      | Killed Grinder
  4702 | D:3      | Reached skill level 5 in Summonings
  4702 | D:3      | Reached skill level 1 in Evocations
  5139 | D:4      | Noticed Natasha
  5146 | D:4      | Killed Natasha
  5913 | D:5      | Entered Level 5 of the Dungeon
  6321 | D:5      | Learned a level 3 spell: Summon Guardian Golem
  6323 | D:5      | Found an opulent altar of Gozag.
  6738 | D:5      | Noticed Edmund
  6854 | D:5      | Found a runed door.
  6874 | D:5      | Found a runed door.
  6877 | D:5      | Reached XP level 8. HP: 52/63 MP: 7/16
  6880 | D:5      | Noticed HEYYEYAAE's ghost (novice DgSu)
  7857 | D:6      | HP: 3/63 [orc priest/divine providence (12)]
  7896 | D:5      | HP: 1/63 [sky beast (6)]
  8556 | D:6      | Got a brightly glowing robe
  8567 | D:6      | Identified the +1 robe of the Trout {+Blink Slay+5 Stlth+} (You found it on level 6 of the Dungeon)
  8615 | D:6      | Found a staircase to the Ecumenical Temple.
  8862 | D:6      | Reached skill level 6 in Summonings
  9016 | D:7      | Reached XP level 9. HP: 40/71 MP: 10/19
  9074 | D:7      | Learned a level 4 spell: Summon Ice Beast
  9131 | D:7      | Noticed GameOver's ghost (novice NaWz)
  9157 | D:7      | Killed GameOver's ghost
  9241 | D:7      | Killed from afar by an orc priest

Vault maps used:
D:1:      shiori_arrival_whats_in_store_for_you
D:2:      chequers_ecumenical_altar_twisty, uniq_terence, uniq_robin
D:3:      uniq_crazy_yiuf_cottage
D:4:      mumra_celtic_spiral_tile, first_ration, uniq_natasha, uniq_grinder
D:5:      lemuel_insect_pit, minmay_holes, grunt_gozag_statues, uniq_edmund
D:6:      minmay_temple_entry_overgrown
D:7:      lemuel_coloured_pillars_altar, nicolae_ossuary_entry_monument

Skill      XL: |  1  2  3  4  5  6  7  8 |
---------------+-------------------------+-----
Dodging        | 2 3 4 |  4.8
Spellcasting   | 2 3 4 |  4.6
Summonings     | 4 5 6 |  6.2
Staves         | 1 2 3 4 |  4.3
Fighting       | 1 2 3 4 |  4.3
Armour         | 1 2 3 4 |  4.3
Evocations     | 1 3 |  3.4
Stealth        | |  1.9

Action                   |  1- 3 |  4- 6 |  7- 9 || total
-------------------------+-------+-------+-------++-------
Melee: Unarmed           |    19 |       |       ||    19
       Club              |    45 |       |       ||    45
       Quarterstaff      |    62 |   197 |   275 ||   534
       Whip              |     6 |       |       ||     6
 Cast: Summon Small Mamm |    39 |       |       ||    39
       Call Imp          |    16 |    48 |    61 ||   125
       Summon Guardian G |       |       |    16 ||    16
Evoke: Wand              |       |       |     2 ||     2
  Use: Potion            |       |       |     8 ||     8
       Scroll            |       |       |    11 ||    11
 Stab: Sleeping          |     1 |       |     3 ||     4
       Distracted        |       |     1 |       ||     1
       Confused          |       |     1 |     1 ||     2
       Paralysed         |       |       |     1 ||     1
       Invisible         |       |       |     1 ||     1
  Eat: Chunk             |     5 |     5 |     8 ||    18
       Ration            |       |     1 |     3 ||     4
Armor: Robe              |     6 |       |    31 ||    37
       Ring mail         |    47 |    97 |   114 ||   258
Dodge: Dodged            |   113 |   133 |   182 ||   428

Table legend:
 A = Spawn XP
 B = Non-spawn XP
 C = Spawn XP percentage of total XP
 D = Spawn monster count
 E = Non-spawn monster count
 F = Spawn count percentage of total count
 G = Total turns spent on level
                    A         B        C        D         E        F      G
               +---------+---------+-------+---------+---------+-------+---------
         Total |       0 |    4174 |   0.0 |       0 |     224 |   0.0 |  9241
               +---------+---------+-------+---------+---------+-------+---------
           D:1 |       0 |      41 |   0.0 |       0 |      23 |   0.0 |  1324
           D:2 |       0 |     147 |   0.0 |       0 |      43 |   0.0 |  1104
           D:3 |       0 |     523 |   0.0 |       0 |      36 |   0.0 |  1243
           D:4 |       0 |     709 |   0.0 |       0 |      38 |   0.0 |  2242
           D:5 |       0 |     639 |   0.0 |       0 |      29 |   0.0 |  2097
           D:6 |       0 |    1172 |   0.0 |       0 |      34 |   0.0 |   989
           D:7 |       0 |     943 |   0.0 |       0 |      21 |   0.0 |   242
               +---------+---------+-------+---------+---------+-------+---------
